 Dungeon Crawl Stone Soup version 0.19-a0-1704-gbd66c22 (webtiles) character file.

167287 Amnesiac the Earth Mage (level 18, -14/127 HPs)
             Began as a Formicid Earth Elementalist on Sept 27, 2016.
             Was a High Priest of Sif Muna.
             Demolished by an Executioner (19 damage)
             ... summoned by a deep elf demonologist
             ... on level 3 of the Elven Halls.
             The game lasted 02:00:39 (45132 turns).

Amnesiac the Earth Mage (FoEE)                     Turns: 45132, Time: 02:00:40

Health: -14/127    AC: 12    Str: 14    XL:     18   Next: 55%
Magic:  25/46      EV: 31    Int: 15    God:    Sif Muna [*****.]
Gold:   2253       SH: 11    Dex: 25    Spells: 11 memorised, 2 levels left

rFire  + + .     SeeInvis +     l - +5 quick blade (drain)
rCold  + . .     Gourm    .     e - +1 robe {rC+ rF+}
rNeg   + . .     Faith    .     y - +1 buckler {rN+}
rPois  .         Spirit   .     (helmet unavailable)
rElec  .         Dismiss  +     V - +1 cloak
rCorr  .         Reflect  .     R - +2 pair of gloves
MR     ++++.     Harm     .     n - +2 pair of boots {run}
Stlth  +++++++...               j - amulet "Ymoemosk" {Dismiss rF+ MR+++ Int-2 SInv}
                                f - +2 ring of dexterity
                                p - ring of magical power

@: agile, divine energy, quick
A: permanent stasis, dig shafts and tunnels, four strong arms, antennae 3, large
bone plates 1, agile 1, mutation resistance 1
a: Dig, Shaft Self, Stop Divine Energy, Channel Magic, Forget Spell, Renounce
Religion


You were on level 3 of the Elven Halls.
You worshipped Sif Muna.
Sif Muna was extremely pleased with you.
You were hungry.

You visited 5 branches of the dungeon, and saw 24 of its levels.
You also visited: Sewer.

You collected 2726 gold pieces.
You spent 473 gold pieces at shops.

Inventory:

Hand Weapons
 l - a +5 quick blade of draining (weapon)
Armour
 b - the +1 robe of the Locust {rCorr Str+3 Dex+2}
   (You bought it in a shop on level 2 of the Orcish Mines)

   It affects your strength (+3).
   It affects your dexterity (+2).
   It protects you from acid and corrosion.
 e - a +1 robe of resistance (worn)
 n - a +2 pair of boots of running (worn)
 y - a +1 buckler of positive energy (worn)
 R - a +2 pair of gloves (worn)
 V - a +1 cloak (worn)
Magical Staves
 m - an uncursed staff of wizardry
Jewellery
 f - a +2 ring of dexterity (right hand)
 j - the amulet "Ymoemosk" (around neck) {Dismiss rF+ MR+++ Int-2 SInv}
   (You took it off a vampire mage on level 1 of the Elven Halls)

   [amulet of dismissal]

   It may teleport away creatures that harm you.
   It affects your intelligence (-2).
   It protects you from fire.
   It affects your resistance to hostile enchantments.
   It lets you see invisible.
 p - a ring of magical power (left hand)
 r - an uncursed amulet of dismissal
 s - an uncursed amulet of the gourmand
 I - the ring "Vasmu" {rPois MR+ Int+2, unknown}
   (You took it off a deep elf death mage on level 3 of the Elven Halls)

   [ring of poison resistance]

   It affects your intelligence (+2).
   It protects you from poison.
   It affects your resistance to hostile enchantments.
 S - an uncursed ring of resist corrosion
 W - an uncursed ring of positive energy
Wands
 G - a wand of paralysis (11/24)
Scrolls
 a - a scroll of fear
 d - 7 scrolls of identify
 g - 2 scrolls of recharging
 h - 13 scrolls of remove curse
 i - 8 scrolls of fog
 v - 4 scrolls of amnesia
 z - 3 scrolls of magic mapping
Potions
 k - 5 potions of curing
 o - 4 potions of might
 t - 2 potions of cure mutation
 w - 2 potions of ambrosia
 x - 2 potions of brilliance
 A - a potion of cancellation
 B - 3 potions of agility
 C - a potion of resistance
 F - a potion of mutation
 H - 2 potions of magic
 Y - 2 potions of flight
Books
 c - a book of the Dragon

   Spells                             Type                      Level
   a - Flame Tongue                   Conjuration/Fire             1
   b - Cause Fear                     Hexes                        4
   c - Bolt of Fire                   Conjuration/Fire             6
   d - Dragon Form                    Transmutation                7
   e - Dragon's Call                  Summoning                    9
 J - a book of Party Tricks

   Spells                             Type                      Level
   a - Summon Butterflies             Summoning                    1
   b - Apportation                    Translocation                1
   c - Tukima's Dance                 Hexes                        3
   d - Alistair's Intoxication        Transmutation/Poison         5
   e - Invisibility                   Hexes                        6
Miscellaneous
 E - 2 phantom mirrors
 K - a disc of storms
Comestibles
 q - 4 bread rations
 u - a beef jerky
 D - 8 meat rations
 O - 10 royal jellies
 P - 3 fruits
 X - 3 slices of pizza


   Skills:
 - Level 7.0 Fighting
 - Level 8.0 Short Blades
 + Level 13.5 Dodging
 - Level 14.0 Stealth
 - Level 4.0 Shields
 - Level 15.0 Spellcasting
 - Level 9.0 Transmutations
 - Level 19.1 Earth Magic


You had 2 spell levels left.
You knew the following spells:

 Your Spells              Type           Power        Failure   Level  Hunger
a - Alistair's Intoxicat  Tmut/Pois      ###.....     28%         5    ####...
b - Mephitic Cloud        Conj/Pois/Air  ##......     21%         3    None
c - Conjure Flame         Conj/Fire      ##......     21%         3    None
d - Iron Shot             Conj/Erth      #####.....   21%         6    ######.
e - Petrify               Tmut/Erth      ######..     1%          4    ##.....
f - Lee's Rapid Deconstr  Erth           ######....   1%          5    ####...
g - Shatter               Erth           ######....   99%         9    #######
h - Deflect Missiles      Chrm/Air       ##........   100%        6    ######.
i - Summon Butterflies    Summ           ##......     8%          1    None
j - Apportation           Tloc           ##........   8%          1    None
v - Passwall              Tmut/Erth      ######....   1%          2    None


Dungeon Overview and Level Annotations

Branches:
Dungeon (12/15)            Temple (1/1) D:4            Lair (6/6) D:10
  Swamp (0/4) Lair:2       Spider (0/4) Lair:4        Slime (0/5) Lair:5
    Orc (2/2) D:12            Elf (3/3) Orc:2

Altars:
Ashenzari
Cheibriados
Elyvilon
Fedhas
Gozag
Hepliaklqana
Kikubaaqudgha
Makhleb
Nemelex Xobeh
Okawaru
Qazlal
Ru
Sif Muna
Trog
Uskayaw
Vehumet
Xom
Yredelemnul
Zin
The Shining One
Beogh
Jiyva

Shops:
D:4 (   D:7 !   Orc:2 ([([   Elf:2 *


Innate Abilities, Weirdness & Mutations

You are under a permanent stasis effect.
You can dig through walls and to a lower floor.
Your four strong arms can wield two-handed weapons with a shield.
You have a pair of large antennae on your head. (SInv)
You are partially covered in large bone plates. (SH +4)
You are agile. (Dex +2)
You are somewhat resistant to further mutation.


Message History

The Executioner misses you. x2; You block the Executioner's attack. x2
You see here the +7 mace of Variability {chaos}.
Unknown command.
Okay, then.
Unknown command.
Okay, then.
Unknown command.
Okay, then.
Okay, then.
Unknown command.
Okay, then.
Unknown command.
You feel better. The Executioner hits you!
* * * LOW HITPOINT WARNING * * *
The Executioner hits you but does no damage.
The Executioner hits you!
* * * LOW HITPOINT WARNING * * *
You block the Executioner's attack. The Executioner completely misses you.
You block the Executioner's attack. The Executioner hits you!!
You die...

#### ###
###########..#####.##
#..'...e@e###..##.#.##
}..#...#.1e[.##..#.#.##
#..)##..(}.###.###.#
#.e#..###}....##.#.##
....##.. ###[...:#[####
...## ##.
{###)()##)..## .. {{..
###'##<..(. . #.
..##..... #. ..#####..


You could see 3 deep elf annihilators, an Executioner and a deep elf
demonologist.

Vanquished Creatures
  Kirke (Lair:5)
  An azure jelly (Lair:5)
  A deep elf sorcerer (Elf:3)
  An orc warlord (Orc:1)
  2 deep elf elementalists (Elf:3)
  Nessos (Lair:6)
  4 deep elf demonologists
  6 dire elephants
  5 deep elf annihilators (Elf:3)
  3 deep elf death magi (Elf:3)
  A mummy priest (Elf:1)
  4 deep elf high priests (Elf:3)
  Harold (D:12)
  7 hydras
  A catoblepas (Lair:4)
  A centaur warrior (D:11)
  6 death yaks
  An anaconda (Lair:6)
  4 ogre magi (Orc:2)
  27 dancing weapons
  2 vampire magi (Elf:1)
  2 orc high priests (Elf:1)
  A shock serpent (shapeshifter) (Elf:1)
  2 spriggan berserkers (Elf:3)
  29 deep elf knights
  A hill giant (D:12)
  An orc knight (Orc:2)
  9 deep elf archers
  Pikel (D:5)
  An ugly thing (D:8)
  A lindwurm (Lair:6)
  75 deep elf magi
  3 orc sorcerers
  A manticore (D:12)
  8 black mambas
  A shining eye (shapeshifter) (Elf:1)
  12 elephants
  3 gargoyles
  An ice statue (Lair:3)
  8 komodo dragons
  6 spiny frogs
  2 kobold demonologists (Elf:1)
  An efreet (D:11)
  An ice devil (Lair:3)
  4 trolls
  9 polar bears
  9 blink frogs
  3 slime creatures (D:12)
  10 two-headed ogres
  6 hippogriffs
  10 dream sheep (Lair:5)
  A slime creature (shapeshifter) (Elf:1)
  2 water elementals (Elf:3)
  A redback (Lair:5)
  5 air elementals
  A wraith (D:9)
  48 yaks
  6 wyverns
  3 fire elementals
  4 hogs
  A hungry ghost (D:11)
  2 basilisks
  2 wargs
  Menkaure (D:4)
  A steam dragon (D:11)
  5 swamp worms (Lair:2)
  16 water moccasins
  2 soldier ants
  A floating eye (shapeshifter) (Elf:2)
  13 porcupines
  2 black bears
  3 slaves (D:5)
  6 ice beasts (Lair:3)
  17 orc warriors
  4 sky beasts
  2 wasps (D:8)
  A phantom (D:10)
  A necrophage (D:11)
  33 ogres
  10 wolves
  11 crocodiles
  8 centaurs
  6 boggarts
  8 big kobolds
  3 earth elementals
  15 bullfrogs
  A gnoll sergeant (D:11)
  2 scorpions
  2 water moccasin skeletons
  A killer bee (D:11)
  7 wights
  An electric eel (Lair:2)
  4 howler monkeys
  4 crimson imps
  3 bullfrog zombies
  A quasit (D:11)
  3 centaur skeletons
  A jelly (D:8)
  14 orc priests
  6 hounds
  A bullfrog skeleton (D:11)
  A gnoll shaman (D:5)
  An iron imp (D:8)
  Crazy Yiuf (D:3)
  Jessica (D:3)
  7 hell rats
  Natasha (thrice) (D:3)
  3 iguanas
  16 orc wizards
  7 worker ants
  A hound zombie (D:11)
  A hound skeleton (D:8)
  Robin (D:3)
  A howler monkey skeleton (D:5)
  A worker ant zombie (D:8)
  6 gnolls
  14 adders
  32 river rats
  2 shadow imps
  6 oozes
  An adder skeleton (D:6)
  2 adder zombies (D:8)
  6 worms
  2 dart slugs (D:1)
  6 leopard geckos
  96 orcs
  5 ball pythons
  11 bats
  5 giant cockroaches
  8 goblins
  7 hobgoblins
  14 jackals
  A quokka (D:2)
  7 frilled lizards
  20 kobolds
  A leopard gecko skeleton (D:6)
  18 rats
  A butterfly (Lair:4)
  3 plants (Lair:6)
916 creatures vanquished.

Vanquished Creatures (others)
  A human (Lair:6)
  A slave (D:5)
  27 fungi
  37 plants
66 creatures vanquished.

Grand Total: 982 creatures vanquished

Notes
Turn   | Place    | Note
-------+----------+-------------------------------------------
     0 | D:1      | Amnesiac the Formicid Earth Elementalist began the quest for the Orb.
     0 | D:1      | Reached XP level 1. HP: 13/13 MP: 3/3
   304 | D:4      | Reached XP level 2. HP: 19/19 MP: 3/6
   312 | D:4      | Learned a level 2 spell: Passwall
   378 | D:4      | Reached XP level 3. HP: 24/24 MP: 2/7
   380 | D:4      | Reached skill level 4 in Earth Magic
   479 | D:4      | Reached XP level 4. HP: 30/30 MP: 4/9
   513 | D:4      | Found a glowing drain.
   541 | D:4      | Reached skill level 5 in Earth Magic
   551 | Sewer    | Entered a sewer
   708 | Sewer    | Noticed a big kobold
   718 | Sewer    | Reached XP level 5. HP: 23/35 MP: 6/10
   722 | Sewer    | Killed a big kobold
  1258 | Sewer    | Reached skill level 6 in Earth Magic
  1258 | Sewer    | Reached XP level 6. HP: 39/41 MP: 12/12
  1347 | Sewer    | Reached skill level 1 in Short Blades
  1355 | Sewer    | Reached XP level 7. HP: 24/46 MP: 13/13
  1361 | Sewer    | Learned a level 4 spell: Petrify
  1367 | Sewer    | Learned a level 5 spell: Lee's Rapid Deconstruction
  2196 | D:4      | Found Loum's Antique Weapon Emporium.
  2197 | D:4      | Noticed Menkaure
  2205 | D:4      | Killed Menkaure
  2205 | D:4      | Reached skill level 7 in Earth Magic
  2205 | D:4      | Reached XP level 8. HP: 27/52 MP: 9/14
  2370 | D:4      | Found a staircase to the Ecumenical Temple.
  2376 | Temple   | Entered the Ecumenical Temple
  2611 | Temple   | Became a worshipper of Sif Muna the Loreminder
  3180 | D:2      | Found a stormy altar of Qazlal.
  3878 | D:3      | Noticed Jessica
  3878 | D:3      | Killed Jessica
  3901 | D:3      | Found a basalt altar of Yredelemnul.
  3931 | D:3      | Noticed Robin
  3953 | D:3      | Killed Robin
  4463 | D:3      | Noticed Natasha
  4477 | D:3      | Killed Natasha
  4511 | D:3      | Reached * piety under Sif Muna
  4528 | D:3      | Noticed Natasha
  4540 | D:3      | Killed Natasha
  4688 | D:3      | Noticed Natasha
  4706 | D:3      | Killed Natasha
  4706 | D:3      | Reached skill level 8 in Earth Magic
  4715 | D:3      | Found a runed door.
  4941 | D:3      | Noticed Crazy Yiuf
  4945 | D:3      | Killed Crazy Yiuf
  5143 | D:5      | Entered Level 5 of the Dungeon
  5162 | D:5      | Noticed Pikel
  5172 | D:5      | Killed Pikel
  5172 | D:5      | Reached skill level 10 in Earth Magic
  5172 | D:5      | Reached XP level 9. HP: 11/57 MP: 12/15
  5694 | D:5      | Reached ** piety under Sif Muna
  6323 | D:5      | Reached skill level 11 in Earth Magic
  6692 | D:5      | Reached skill level 5 in Stealth
  7004 | D:5      | Found a glowing silver altar of Zin.
  7720 | D:6      | Reached skill level 5 in Short Blades
  8170 | D:6      | Found a burning altar of Makhleb.
  8170 | D:6      | Noticed an Executioner
  8271 | D:6      | Reached XP level 10. HP: 43/63 MP: 1/17
  8472 | D:7      | Found Ekeagin's Distillery.
  8487 | D:7      | Reached skill level 5 in Spellcasting
  8866 | D:7      | Reached *** piety under Sif Muna
  8889 | D:7      | You fall through a shaft!
  8968 | D:8      | Found a snail-covered altar of Cheibriados.
  9209 | D:8      | Reached skill level 5 in Transmutations
  9824 | D:8      | Reached **** piety under Sif Muna
 10112 | D:8      | Noticed a white ugly thing
 10137 | D:8      | Killed a white ugly thing
 10147 | D:8      | Gained mutation: You are partially covered in large bone plates. (SH +4) [mutagenic meat]
 10150 | D:8      | Gained mutation: You regenerate slowly when monsters are visible. [mutagenic meat]
 10153 | D:8      | Gained mutation: You are resistant to electric shocks. (rElec) [mutagenic meat]
 10156 | D:8      | Gained mutation: You occasionally shout uncontrollably at your foes. [mutagenic meat]
 10190 | D:8      | Reached skill level 12 in Earth Magic
 10559 | D:9      | Reached skill level 1 in Fighting
 10567 | D:9      | Found a shattered altar of Ashenzari.
 10585 | D:9      | Reached XP level 11. HP: 72/72 MP: 23/23
 10729 | D:9      | Found a hide-covered altar of Uskayaw.
 11190 | D:10     | Entered Level 10 of the Dungeon
 11557 | D:10     | Reached skill level 5 in Dodging
 11864 | D:10     | Found a staircase to the Lair.
 12685 | Lair:1   | Entered Level 1 of the Lair of Beasts
 12748 | Lair:1   | Noticed a five-headed hydra
 13347 | Lair:1   | Noticed a seven-headed hydra
 13479 | Lair:1   | Killed a seven-headed hydra
 13524 | Lair:1   | Reached XP level 12. HP: 32/83 MP: 1/24
 14688 | Lair:1   | Killed a five-headed hydra
 14688 | Lair:1   | Reached skill level 10 in Stealth
 15019 | Lair:2   | Noticed a seven-headed hydra
 15028 | Lair:2   | Killed a seven-headed hydra
 15542 | Lair:2   | Found a staircase to the Swamp.
 15665 | Lair:3   | Lost mutation: You occasionally shout uncontrollably at your foes. [potion of cure mutation]
 15665 | Lair:3   | Lost mutation: You are resistant to electric shocks. (rElec) [potion of cure mutation]
 15665 | Lair:3   | Lost mutation: You regenerate slowly when monsters are visible. [potion of cure mutation]
 16468 | Lair:3   | Noticed a death yak
 16591 | Lair:3   | Noticed a death yak
 16591 | Lair:3   | Noticed a death yak
 16591 | Lair:3   | Noticed a death yak
 16591 | Lair:3   | Noticed a death yak
 16591 | Lair:3   | Noticed a death yak
 16591 | Lair:3   | Killed a death yak
 16650 | Lair:3   | Killed a death yak
 16650 | Lair:3   | Reached ***** piety under Sif Muna
 16650 | Lair:3   | Reached XP level 13. HP: 44/88 MP: 2/25
 17046 | Lair:3   | Identified Sif Muna's Catalogue of the Snowflakes (Sif Muna gifted it to you on level 3 of the Lair of Beasts)
 17046 | Lair:3   | Received a gift from Sif Muna
 17789 | Lair:4   | Identified a +0 pair of boots of running (You found it on level 3 of the Lair of Beasts)
 18026 | Lair:4   | Found a hole to the Spider Nest.
 18042 | Lair:4   | Noticed a catoblepas
 18050 | Lair:4   | Reached skill level 13 in Earth Magic
 18085 | Lair:4   | Killed a catoblepas
 18477 | Lair:4   | Reached skill level 14 in Earth Magic
 19180 | Lair:5   | Found a snail-covered altar of Cheibriados.
 19613 | Lair:5   | HP: 4/88 [poisoned by a redback]
 20502 | Lair:5   | Found a staircase to the Slime Pits.
 20504 | Lair:5   | Found a viscous altar of Jiyva.
 20780 | Lair:5   | HP: 1/88 [dream sheep (11)]
 20880 | Lair:5   | Noticed an azure jelly
 20889 | Lair:5   | Killed an azure jelly
 20889 | Lair:5   | Reached XP level 14. HP: 41/95 MP: 15/26
 21587 | Lair:5   | Reached skill level 10 in Dodging
 22365 | Lair:6   | Entered Level 6 of the Lair of Beasts
 22590 | Lair:6   | Identified Sif Muna's Guide on Enchantment and Contamination (Sif Muna gifted it to you on level 6 of the Lair of Beasts)
 22590 | Lair:6   | Received a gift from Sif Muna
 23430 | Lair:6   | Noticed Nessos
 23442 | Lair:6   | Killed Nessos
 23442 | Lair:6   | Reached skill level 15 in Earth Magic
 23452 | Lair:6   | Noticed Kirke
 24957 | Lair:5   | Killed Kirke
 24957 | Lair:5   | Reached skill level 16 in Earth Magic
 25887 | Lair:6   | Identified Xiowir's Catalogue of Toxins and the Blaze (Sif Muna gifted it to you on level 6 of the Lair of Beasts)
 25887 | Lair:6   | Received a gift from Sif Muna
 26089 | Lair:6   | Reached XP level 15. HP: 100/100 MP: 22/27
 26204 | Lair:6   | Reached skill level 17 in Earth Magic
 29427 | D:12     | Noticed Harold
 29434 | D:12     | Killed Harold
 29434 | D:12     | Reached skill level 18 in Earth Magic
 29716 | D:12     | Found a staircase to the Orcish Mines.
 30022 | D:12     | Learned a level 5 spell: Alistair's Intoxication
 30026 | D:12     | Learned a level 3 spell: Mephitic Cloud
 30030 | D:12     | Learned a level 3 spell: Conjure Flame
 30480 | Orc:1    | Entered Level 1 of the Orcish Mines
 30490 | Orc:2    | Entered Level 2 of the Orcish Mines
 30490 | Orc:2    | Found a roughly hewn altar of Beogh.
 30504 | Orc:2    | Identified Sif Muna's Papyrus of Air and the Mountains (Sif Muna gifted it to you on level 2 of the Orcish Mines)
 30504 | Orc:2    | Received a gift from Sif Muna
 30541 | Orc:2    | Reached skill level 1 in Shields
 30667 | Orc:2    | Found a staircase to the Elven Halls.
 30993 | Orc:1    | Noticed an orc warlord
 31124 | Orc:2    | Gained mutation: You are agile. (Dex +2) [potion of mutation]
 31124 | Orc:2    | Gained mutation: You are somewhat resistant to further mutation. [potion of mutation]
 31128 | Orc:2    | Found Xuptuane's Antique Armour Shoppe.
 31128 | Orc:2    | Found Untyfoj's Antique Armour Shop.
 31128 | Orc:2    | Found Ifota's Antique Weapon Shop.
 31128 | Orc:2    | Found Wigast's Weapon Emporium.
 31663 | Orc:2    | Reached skill level 5 in Fighting
 31831 | Orc:2    | Bought a thick robe for 125 gold pieces
 31841 | Orc:2    | Identified the +1 robe of the Locust {rCorr Str+3 Dex+2} (You bought it in a shop on level 2 of the Orcish Mines)
 33255 | Orc:1    | Killed an orc warlord
 33409 | Orc:1    | Found a radiant altar of Vehumet.
 33420 | Orc:1    | Reached XP level 16. HP: 115/115 MP: 29/29
 33827 | Elf:1    | Entered Level 1 of the Elven Halls
 34069 | Elf:1    | Reached skill level 10 in Spellcasting
 34596 | Elf:1    | Identified Erphen Ippe's Collected Works on Shifting Conjuration (Sif Muna gifted it to you on level 1 of the Elven Halls)
 34596 | Elf:1    | Received a gift from Sif Muna
 35631 | Elf:1    | Found a deep blue altar of Sif Muna.
 37072 | Elf:1    | Learned a level 6 spell: Iron Shot
 37082 | Elf:1    | Learned a level 9 spell: Shatter
 37232 | Elf:1    | Got a coiled crystal amulet
 37777 | Elf:1    | Reached XP level 17. HP: 120/120 MP: 28/34
 38066 | Elf:1    | Identified Sif Muna's Reference Book on Sinister Magic (Sif Muna gifted it to you on level 1 of the Elven Halls)
 38066 | Elf:1    | Received a gift from Sif Muna
 38138 | Elf:1    | Learned a level 6 spell: Deflect Missiles
 40149 | Elf:2    | Reached skill level 15 in Spellcasting
 40169 | Elf:1    | Identified the amulet "Ymoemosk" {Dismiss rF+ MR+++ Int-2 SInv} (You took it off a vampire mage on level 1 of the Elven Halls)
 40803 | Elf:2    | Found a runed gate.
 40805 | Elf:2    | Found a runed gate.
 40808 | Elf:2    | Found a runed gate.
 40853 | Elf:2    | Found Ozecir's Assorted Antiques.
 40861 | Elf:2    | Bought a shiny silver wand for 116 gold pieces
 40861 | Elf:2    | Bought a short bone wand for 116 gold pieces
 40861 | Elf:2    | Bought a tapered gold wand for 116 gold pieces
 41454 | Elf:2    | Reached skill level 19 in Earth Magic
 41475 | Elf:2    | Received a gift from Sif Muna
 43236 | Elf:3    | Entered Level 3 of the Elven Halls
 43297 | Elf:3    | Reached XP level 18. HP: 127/127 MP: 37/37
 44988 | Elf:3    | Noticed a deep elf blademaster
 45096 | Elf:3    | Got a wavering glass ring
 45098 | Elf:3    | Identified Sif Muna's Compendium of Glacial Black Magic
 45114 | Elf:3    | Learned a level 1 spell: Summon Butterflies
 45116 | Elf:3    | Learned a level 1 spell: Apportation
 45126 | Elf:3    | Noticed an Executioner
 45132 | Elf:3    | HP: 5/127 [Executioner[a deep elf demonologist] (8)]
 45132 | Elf:3    | Demolished by an Executioner

Vault maps used:
D:1:      lemuel_arrival_muddy
D:2:      grunt_qazlal_clouds
D:3:      old_standard_altar, kennysheep_generic_room_7, uniq_jessica,
          uniq_robin, uniq_natasha, uniq_crazy_yiuf_cottage
D:4:      serial_shops, shop, first_bread, portal_sewer_entry_b, uniq_menkaure
D:5:      zin_statuary, uniq_pikel
D:6:      minmay_misc_feat_doors, makhleb_altar_promises_db
D:7:      nicolae_dithmenos_through_a_glass_darkly, serial_shops, shop_fountains
D:8:      slow_altar_2, special_room, serial_glass, glass_columns_c,
          glass_columns_b, glass_columns_a, glass_columns_c, glass_columns_b,
          glass_columns_a, grunt_ministairs_14, hangedman_pestilent_swarm,
          minivault_19
D:9:      kennysheep_little_box, lemuel_coloured_pillars_altar
D:10:     dpeg_lair_monsters
D:11:     minmay_bent
D:12:     david_orc_2, uniq_harold
Temple:   minmay_temple_curvy_branch
Lair:1:   patterned_corridor
Lair:2:   nicolae_swamp_entry_splash_gauntlet
Lair:3:   ice2_lemuel, grunt_megastairs_1
Lair:4:   beast_lair_carwin_large_2, spider_nest_entry_webs, lemuel_fruit_fields
Lair:5:   kennysheep_abandoned_house, slime_altar_1, basic_altar,
          grunt_megastairs_4
Lair:6:   due_jungle_book, kilobyte_rumbling_trees, grunt_megastairs_2,
          uniq_kirke, uniq_nessos
Orc:1:    basic_altar
Orc:2:    st_orc_ogre_mass, basic_altar
Elf:1:    minmay_elf_arrival_summoners, serial_co_window_serial,
          co_window_paths_a, co_window_corner_a, co_window_of_opportunity_a,
          co_window_of_opportunity_a, co_window_cross_1, co_window_2corner,
          co_window_of_opportunity_c, co_window_corner_b, co_window_broadway_c,
          co_window_4corner_b, co_window_paths_e, glass_columns_c,
          glass_columns_a, grunt_ministairs_10, hangedman_summoners_spam
Elf:2:    serial_shops, nicolae_shop_overgrown_old_shop,
          minmay_misc_feat_pillars
Elf:3:    minmay_elf_hall_not_hex, minmay_misc_feat_five,
          evilmike_spriggan_trog_shrine
Sewer:    sewer_co_tree

Skill      XL: |  1  2  3  4  5  6  7  8  9 10 11 12 13 14 15 16 17 18 |
---------------+-------------------------------------------------------+-----
Spellcasting   | 3 4 8 9 13 15 | 15.0
Earth Magic    | 4 5 6 7 10 11 12 14 16 18 19 | 19.1
Short Blades   | 2 3 5 7 8 |  8.0
Transmutations | 4 6 8 9 |  9.0
Stealth        | 4 7 13 14 | 14.0
Dodging        | 2 6 9 10 11 13 | 13.5
Fighting       | 1 4 7 |  7.0
Shields        | 4 |  4.0

Action                   |  1- 3 |  4- 6 |  7- 9 | 10-12 | 13-15 | 16-18 || total
-------------------------+-------+-------+-------+-------+-------+-------++-------
Melee: Mace              |     9 |       |       |       |       |       ||     9
       Quarterstaff      |       |    49 |       |       |       |       ||    49
       Short sword       |       |    21 |   330 |       |       |       ||   351
       Dagger            |       |       |   198 |   528 |  1106 |   158 ||  1990
       Unarmed           |       |       |       |       |     4 |       ||     4
       Quick blade       |       |       |       |       |       |   110 ||   110
 Fire: Blowgun           |       |     3 |       |       |       |       ||     3
 Cast: Sandblast         |    14 |    20 |    13 |    17 |       |       ||    64
       Petrify           |       |       |    39 |   157 |   430 |   116 ||   742
       Passwall          |       |       |    20 |    25 |    34 |    46 ||   125
       Lee's Rapid Decon |       |       |       |    18 |    40 |   244 ||   302
       Iron Shot         |       |       |       |       |       |    80 ||    80
Invok: Divine Energy     |       |       |     1 |       |       |       ||     1
 Abil: Dig               |       |       |     2 |     5 |     3 |    12 ||    22
  Use: Scroll            |       |       |       |    20 |     6 |     5 ||    31
       Potion            |       |       |       |    10 |     6 |     4 ||    20
 Stab: Petrified         |       |       |    28 |   102 |   145 |    32 ||   307
       Petrifying        |       |       |    12 |    39 |   104 |    25 ||   180
       Sleeping          |       |       |    20 |    37 |    48 |    12 ||   117
       Distracted        |       |       |     2 |       |     3 |     1 ||     6
  Eat: Chunk             |       |     1 |    27 |    50 |   117 |    87 ||   282
       Bread ration      |       |       |     1 |     1 |     2 |     4 ||     8
       Beef jerky        |       |       |       |     4 |       |     2 ||     6
       Meat ration       |       |       |       |       |       |     1 ||     1
Armor: Robe              |     1 |    23 |   111 |    90 |   148 |    41 ||   414
Dodge: Dodged            |    10 |    48 |   281 |   248 |   617 |   183 ||  1387
Block: Other             |       |       |       |    37 |    99 |       ||   136
       Buckler           |       |       |       |       |    86 |   109 ||   195
